 Dungeon Crawl Stone Soup version 0.27-a0-695-gb4952372f7 (webtiles) character file.

Game seed: 7784117371313726837

86 Bapho the Slasher (level 4, -4/40 HPs)
             Began as a Draconian Monk on Mar 22, 2021.
             Was a Priest of Uskayaw.
             Killed from afar by an orc wizard (13 damage)
             ... with a puff of flame
             ... on level 3 of the Dungeon.
             The game lasted 00:04:18 (2565 turns).

Bapho the Slasher (Draconian Monk)                  Turns: 2565, Time: 00:04:18

Health: -4/40      AC:  5    Str: 13    XL:     4   Next: 27%
Magic:  2/4        EV: 13    Int: 12    God:    Uskayaw [***...]
Gold:   104        SH:  0    Dex: 13    Spells: 3/3 levels left

rFire    . . .     SeeInvis .   d - +2 short sword (freeze)
rCold    . . .     Faith    .   (no shield)
rNeg     . . .     Spirit   .   (armour unavailable)
rPois    .         Reflect  .   (helmet restricted)
rElec    .         Harm     .   (no cloak)
rCorr    .         Rampage  .   (no gloves)
Will     .....                  (no boots)
Stlth    ++........             (no amulet)
HPRegen  0.13/turn              (no ring)
MPRegen  0.09/turn              (no ring)

@: no status effects
A: AC +5, unfitting armour, cold-blooded
a: Renounce Religion, Stomp, Line Pass


You were on level 3 of the Dungeon.
You worshipped Uskayaw.
Uskayaw was noncommittal.
You visited 1 branch of the dungeon, and saw 3 of its levels.

You collected 104 gold pieces.

Inventory:

Hand Weapons
 a - a +0 falchion
 d - a +2 short sword of freezing (weapon)
Missiles
 c - 62 stones (quivered)
Jewellery
 i - a ring of resist corrosion
Scrolls
 g - 2 scrolls of immolation {unknown}
 h - a scroll of enchant weapon {unknown}
Potions
 b - 3 potions of curing
 f - 2 potions of degeneration {unknown}


   Skills:
 + Level 4.0 Fighting
 * Level 4.2 Long Blades
 + Level 3.3 Dodging
 - Level 1.7 Stealth


You had 3 spell levels left.
You didn't know any spells.
Your spell library contained the following spells:

 Spells                   Type           Power      Damage    Failure   Level
 Animate Skeleton         Necr           0%         N/A       32%         1
 Apportation              Tloc           0%         N/A       32%         1
 Corona                   Hex            0%         N/A       32%         1
 Summon Small Mammal      Summ           0%         N/A       32%         1


Dungeon Overview and Level Annotations

Branches:
Dungeon (3/15)

Altars:
Cheibriados
Uskayaw


Innate Abilities, Weirdness & Mutations

Your plain brown scales are hard. (AC +5)
You cannot fit into any form of body armour.
You are cold-blooded and may be slowed by cold attacks.


Message History

The orc hits you with a +0 mace.
You stomp with the beat, sending a shockwave through the revellers around you!
You kill the orc!
You can no longer pass through a line of other dancers.
You hit the orc. You freeze the orc.
The orc is heavily wounded.
The orc closely misses you.
You can now pass through a line of other dancers.
You barely miss the orc.
The orc is heavily wounded.
The orc hits you with a +0 dagger.
You hit the orc. You freeze the orc.
You kill the orc!
An orc comes into view. It is wielding a +0 short sword.
The orc throws a boomerang.
The boomerang misses you.
You hit the orc. You freeze the orc.
Your tail-slap misses the orc.
The orc is almost dead.
The orc hits you with a +0 short sword.
* * * LOW HITPOINT WARNING * * *
Uskayaw will force your foes to helplessly watch your dance.
Uskayaw prepares the audience for your solo!
Okay, then.
The helpless orc fails to defend itself.
You puncture the orc! You freeze the orc.
You kill the orc!
Your Fighting skill increases to level 4!
An orc wizard comes into view. It is wielding a +0 dagger.
Items here: ( )))) [[ †.
The orc wizard gestures at you while chanting.
The puff of flame misses you.
You see here a bat corpse.
The orc wizard hits you with a +0 dagger.
* * * LOW HITPOINT WARNING * * *
Found 2 bubbling coppery potions.
You see here a stone.
You miss the orc wizard.
You tail-slap the orc wizard, but do no damage.
The orc wizard gestures at you while chanting.
The puff of flame hits you!
You die...

##### ########...#
.........#.#####
#########..#...).#
>..#.......#####†#
.#........#.....@#
.#........##.##.o#
.#........# .#(...
..........# ###.#!
.##.......# <(#.#
.##.......# (## #
.##.......# .
.##......... #.
.##..........


You could see an orc wizard.

Vanquished Creatures
  2 adders (D:3)
  3 worms (D:3)
  A dart slug (D:2)
  4 orcs (D:3)
  11 bats
  3 giant cockroaches
  4 goblins
  6 hobgoblins
  A jackal (D:3)
  A quokka (D:3)
  4 frilled lizards
  6 kobolds
  7 rats
53 creatures vanquished.

Vanquished Creatures (others)
  2 plants (D:3)
2 creatures vanquished.

Grand Total: 55 creatures vanquished

Notes
Turn   | Place    | Note
-------+----------+-------------------------------------------
     0 | D:1      | Bapho the Draconian Monk began the quest for the Orb.
     0 | D:1      | Reached XP level 1. HP: 19/19 MP: 1/1
   649 | D:1      | Reached XP level 2. HP: 26/26 MP: 2/2
  1163 | D:2      | Found a faded altar of an unknown god.
  1460 | D:2      | Found a snail-covered altar of Cheibriados.
  1568 | D:2      | Reached XP level 3. HP: 31/31 MP: 3/3
  1903 | D:2      | Became a worshipper of Uskayaw the Reveller
  1903 | D:2      | Reached * piety under Uskayaw
  1903 | D:2      | Reached ** piety under Uskayaw
  1966 | D:3      | Reached *** piety under Uskayaw
  2359 | D:3      | Reached XP level 4. HP: 35/40 MP: 4/4
  2565 | D:3      | Killed from afar by an orc wizard

Illustrated notes

Levels and vault maps discovered:
D:1:      tarquinn_simple_flora_water_a, layout_basic
D:2:      layout_basic, general_overflow_altar,
          chequers_ecumenical_altar_twisty, chequers_serial_rivers_micro_a
D:3:      layout_basic, serial_bayou_pond_b

Skill      XL: |  1  2  3  4 |
---------------+-------------+-----
Dodging        | 3 |  3.3
Long Blades    | 4 |  4.2
Fighting       | 4 |  4.0
Stealth        | |  1.7

Action                   |  1- 3 |  4- 6 || total
-------------------------+-------+-------++-------
Melee: Falchion          |    14 |       ||    14
       Short sword       |    96 |    19 ||   115
       Tailslap          |     8 |     3 ||    11
Throw: Stone             |   161 |    10 ||   171
Invok: Stomp             |     2 |     1 ||     3
  Use: Scroll            |     1 |       ||     1
 Stab: Paralysed         |       |     1 ||     1
Armor: Skin              |    39 |     5 ||    44
Dodge: Dodged            |    67 |     6 ||    73
       Rpst.: Falchion   |     8 |       ||     8

Table legend: (Time is in decaauts)
 A = Elapsed time spent in this place.
 B = Non-inter-level travel time spent in this place.
 C = Inter-level travel time spent in this place.
 D = Time resting spent in this place.
 E = Time spent auto-exploring this place.
 F = Levels seen in this place.
 G = Mean time per level.
                   A        B        C        D        E       F      G
               +--------+--------+--------+--------+--------+-----+--------+
         Total |   2592 |   2551 |     41 |    267 |   1865 |   3 |  864.0 |
       Dungeon |   2592 |   2551 |     41 |    267 |   1865 |   3 |  864.0 |
               +--------+--------+--------+--------+--------+-----+--------+

Top non-repeatable levels by time:
     D:1: 1012 daAuts
     D:2: 915 daAuts
     D:3: 664 daAuts
